Map: Overgrown Facility

Players

Vorlos

  • Race: Zerg Zerg
  • League: Gold
  • Spawn Location: 3:00

xtreme

  • Race: Protoss Protoss
  • League: Gold
  • Spawn Location: 1:00

Faust - Winner!

  • Race: Zerg Zerg
  • League: Diamond
  • Spawn Location: 7:00

Throwfordays - Winner!

  • Race: Zerg Zerg
  • League: Silver
  • Spawn Location: 9:00

VOD

Have the link to the VOD?

Description

Time

  • Played on: May 17, 2019, 3:28 p.m.
  • Length: 10:34
Show
View Real Time Build Order
Export as new Build Order

Vorlos Zerg 

Build Orders: Pool First 

Get SALT Encoding   

  12  0:02  Drone  
  13  0:23  Drone  
  13  0:25  Overlord  
  13  0:26  Overlord  
  14  0:44  Spawning Pool  
  14  0:48  Drone  
  14  0:59  Extractor, Drone x2  
  15  1:11  Drone  
  16  1:25  Drone  
  17  1:31  Queen  
  19  1:38  Evolution Chamber  
  18  1:40  Drone  
  18  1:41  Drone  
  20  1:51  Extractor  
  20  1:54  Drone  
  20  2:10  Zerg Melee Weapons Level 1  
  20  2:15  Drone x2  
  22  2:35  Hatchery  
  21  2:38  Metabolic Boost  
  21  2:39  Drone  
  21  2:40  Drone  
  23  2:52  Zergling x2  
  23  2:53  Zergling x4  
  26  3:20  Lair  
  26  3:23  Zergling x2  
  26  3:24  Zergling x4  
  29  3:34  Overlord  
  29  3:49  Queen  
  29  3:51  Drone  
  32  4:05  Zerg Ground Armor Level 1  
  33  4:10  Zergling x8  
  36  4:23  Zergling x8  
  33  5:12  Zergling x2  
  33  5:13  Zergling x8  
  35  5:27  Zergling x4  
  37  5:29  Overlord  
  37  5:30  Overlord x2  
  34  5:58  Zerg Melee Weapons Level 2  
  34  6:37  Zergling x2  
  34  6:38  Zergling x12  
  41  6:41  Evolution Chamber  
  40  6:48  Drone x7  
  16  7:18  Zergling x2  
  16  7:19  Zergling x2  
  16  7:21  Zergling x2  
  16  7:22  Zergling x2  
  5  7:38  Queen  
  5  7:40  Drone x2  
  8  7:56  Queen  
  7  8:27  Zergling x2  
  7  8:28  Zergling x4  
Show
View Real Time Build Order
Export as new Build Order

xtreme Protoss 

Build Orders: 1 Gate Expand 

Get SALT Encoding   

  12  0:02  Probe  
  14  0:14  Probe  
  14  0:27  Pylon  
  14  0:29  Probe  
  15  0:45  Probe  
  15  0:49  Gateway  
  16  0:59  Gateway  
  16  1:00  Probe  
  17  1:07  Assimilator  
  17  1:12  Probe  
  18  1:24  Probe  
  19  1:41  Nexus  
  19  1:43  Probe  
  20  1:53  Cybernetics Core  
  20  1:58  Pylon  
  20  2:05  Probe  
  20  2:07  Warp Gate  
  21  2:17  Probe  
  21  2:18  Assimilator  
  22  2:29  Probe  
  23  2:34  Gateway  
  23  2:39  Stalker  
  23  2:44  Probe  
  26  2:52  Assimilator  
  26  2:53  Probe  
  26  2:56  Probe  
  26  2:57  Stalker  
  30  3:05  Probe  
  31  3:12  Stalker  
  33  3:14  Probe  
  33  3:17  Probe  
  35  3:26  Probe  
  36  3:28  Stalker  
  36  3:29  Probe  
  36  3:32  Sentry  
  41  3:40  Pylon  
  41  3:41  Probe  
  41  3:42  Probe  
  43  3:52  Gateway  
  43  3:54  Probe  
  45  3:55  Probe  
  45  4:02  Stalker  
  47  4:20  Stalker x2  
  51  4:36  Stalker  
  53  4:57  Gateway  
  53  5:00  Twilight Council, Forge  
  53  5:02  Probe  
  53  5:03  Forge  
  53  5:05  Assimilator  
  53  5:07  Pylon  
  54  5:25  Probe  
  51  5:46  Protoss Ground Weapons Level 1  
  51  5:47  Protoss Ground Armor Level 1  
  41  5:59  Resonating Glaives  
  41  6:04  Adept x5  
  51  6:11  Probe x2  
  53  6:23  Probe  
  53  6:24  Probe  
  53  6:29  Adept x4  
  41  6:59  Adept x2  
  42  7:04  Pylon  
  42  7:22  Adept  
  44  7:23  Adept  
  46  7:35  Pylon  
  46  7:37  Pylon  
  46  7:39  Probe x2  
  48  7:44  Stargate  
  48  7:47  Stargate  
  48  7:49  Stargate  
  49  7:51  Probe x2  
  50  8:03  Probe x2  
  52  8:13  Shield Battery  
  52  8:14  Shield Battery  
  52  8:17  Shield Battery  
  52  8:26  Probe x2  
  54  8:30  Fleet Beacon  
  54  8:38  Probe x2  
  56  9:16  Carrier x3  
  40  9:20  Stalker x5  
  65  9:43  Stalker  
  65  9:44  Stalker x2  
  59  9:51  Pylon  
  59  9:52  Pylon  
  57  10:00  Pylon  
  57  10:04  Gateway  
  53  10:08  Shield Battery  
Show
View Real Time Build Order
Export as new Build Order

Faust Zerg - Winner!

Build Orders: Hatch First 

Get SALT Encoding   

  12  0:01  Drone  
  13  0:09  Drone  
  14  0:14  Extractor  
  14  0:16  Drone  
  15  0:24  Overlord  
  15  0:42  Drone x2  
  17  0:56  Hatchery  
  16  0:59  Drone  
  17  1:05  Extractor  
  17  1:06  Drone  
  17  1:20  Spawning Pool  
  17  1:22  Drone  
  17  1:26  Drone  
  17  1:29  Drone  
  19  1:40  Drone  
  20  1:49  Overlord  
  20  2:09  Queen  
  20  2:10  Queen, Metabolic Boost  
  24  2:15  Drone  
  24  2:17  Drone  
  24  2:21  Drone  
  27  2:27  Drone x2  
  29  2:33  Baneling Nest  
  29  2:36  Drone  
  29  2:38  Drone  
  30  2:47  Overlord  
  30  2:53  Drone x2  
  30  2:55  Overlord  
  32  3:03  Overlord  
  32  3:07  Lair  
  32  3:13  Drone x2  
  34  3:27  Hatchery  
  34  3:29  Drone  
  34  3:30  Drone  
  34  3:33  Drone  
  36  3:35  Drone  
  36  3:38  Drone  
  38  3:41  Drone x2  
  38  3:44  Drone  
  38  3:46  Drone  
  42  3:57  Extractor  
  42  3:59  Extractor, Drone x3  
  42  4:00  Drone x3  
  46  4:05  Extractor, Drone  
  46  4:06  Drone  
  47  4:17  Spire  
  47  4:22  Zergling x2  
  47  4:23  Zergling x10  
  52  4:27  Evolution Chamber  
  52  4:28  Overlord  
  52  4:30  Zergling x2  
  52  4:40  Queen  
  52  4:42  Zergling x8  
  58  4:52  Zergling x6  
  58  4:54  Zergling x2  
  58  4:58  Baneling x2  
  56  5:01  Baneling  
  56  5:02  Zergling x6, Baneling x2  
  56  5:03  Zergling x2  
  57  5:26  Zergling x2  
  57  5:27  Zergling x14  
  62  5:30  Zerg Melee Weapons Level 1  
  59  5:45  Zergling x8  
  61  5:53  Zergling x8  
  61  5:56  Baneling  
  65  5:57  Baneling x2  
  65  6:01  Overlord x2  
  65  6:06  Baneling  
  65  6:07  Baneling  
  65  6:10  Baneling x2  
  65  6:15  Queen  
  53  6:55  Zergling x2  
  53  6:57  Drone x9  
  53  6:58  Mutalisk x3  
  64  7:07  Drone  
  65  7:20  Mutalisk x5  
  74  7:23  Extractor  
  74  7:24  Extractor  
  74  7:26  Zergling x2  
  73  7:33  Zerg Melee Weapons Level 2  
  73  7:34  Zerg Flyer Weapons Level 1  
  73  7:42  Spine Crawler  
  72  7:44  Spine Crawler  
  72  7:45  Mutalisk x2  
  72  7:46  Mutalisk x2  
  72  7:48  Spine Crawler  
  72  7:49  Zergling x6  
  72  7:50  Zergling x2, Overlord  
  72  7:51  Overlord x3  
  82  8:05  Hatchery  
  82  8:09  Mutalisk  
  82  8:10  Mutalisk  
  85  8:14  Zergling x22  
  96  8:34  Drone x3  
  97  8:35  Drone x3  
  97  8:36  Drone x3  
  105  8:48  Infestation Pit  
  104  9:02  Mutalisk x5  
  108  9:30  Mutalisk  
  108  9:31  Mutalisk x3  
  110  9:33  Zergling x6  
  119  9:47  Overlord x6  
  119  9:48  Overlord  
  119  9:52  Hatchery  
  116  10:09  Hatchery  
Show
View Real Time Build Order
Export as new Build Order

Throwfordays Zerg - Winner!

Build Orders: Hatch First 

Get SALT Encoding   

  12  0:01  Drone  
  13  0:13  Overlord  
  13  0:18  Drone  
  14  0:33  Drone x2  
  16  0:53  Hatchery  
  16  0:56  Drone  
  16  1:00  Drone  
  17  1:15  Spawning Pool  
  16  1:20  Drone  
  16  1:24  Extractor  
  16  1:25  Drone  
  17  1:30  Drone  
  18  1:44  Drone x2  
  20  2:02  Queen  
  20  2:05  Overlord x2  
  22  2:11  Drone  
  22  2:14  Queen  
  25  2:17  Zergling x2  
  26  2:25  Metabolic Boost  
  26  2:27  Zergling x2  
  27  2:36  Zergling x2  
  28  2:40  Extractor  
  28  2:43  Drone x3  
  30  2:47  Overlord  
  30  2:59  Zergling x2  
  30  3:02  Drone  
  32  3:07  Lair  
  32  3:10  Drone  
  32  3:12  Drone x2  
  35  3:14  Zergling x2  
  35  3:17  Drone  
  35  3:19  Drone  
  38  3:26  Drone  
  38  3:27  Drone x2  
  41  3:31  Zergling x2  
  41  3:32  Drone  
  43  3:51  Evolution Chamber  
  43  3:52  Drone x2  
  43  3:54  Zergling x4  
  46  3:58  Drone x5  
  51  4:03  Overlord  
  51  4:14  Nydus Network  
  50  4:17  Zerg Melee Weapons Level 1  
  50  4:18  Baneling Nest  
  50  4:24  Zergling x4  
  50  4:27  Zergling x6  
  50  4:30  Zergling x6  
  57  4:37  Overlord x2  
  47  5:10  Zergling x4  
  47  5:11  Zergling x2  
  47  5:12  Zergling x2  
  47  5:13  Zergling x4  
  52  5:16  Zergling x12  
  57  5:23  Nydus Canal  
  55  5:54  Baneling x6  
  55  5:55  Baneling x6  
  49  5:58  Zergling x12  
  49  6:02  Zergling x10  
  60  6:11  Zerg Ground Armor Level 1  
  60  6:18  Baneling x4  
  60  6:19  Baneling x4  
  60  6:34  Extractor  
  60  6:35  Extractor  
  60  6:37  Overlord  
  60  6:38  Overlord x2  
  47  7:27  Zergling x6  
  47  7:28  Zergling x4  
  52  7:31  Drone x2  
  52  7:32  Drone  
  52  7:33  Drone x3  
  58  7:37  Zergling x2  
  54  7:52  Baneling  
  54  7:53  Baneling  
  54  7:56  Centrifical Hooks  
  54  8:00  Zergling x6  
  54  8:01  Zergling x4  
  54  8:02  Baneling  
  54  8:03  Baneling x7  
  54  8:05  Zergling x10, Zerg Melee Weapons Level 2  
  63  8:13  Drone  
  55  9:10  Zergling x4  
  55  9:11  Zergling x2  
  55  9:15  Drone x3  
  61  9:17  Zergling x6  
  61  9:19  Baneling x5  
  61  9:20  Baneling x5  
  64  9:36  Evolution Chamber  
  64  9:37  Hatchery  
  60  9:40  Zergling x8, Infestation Pit  
  60  9:43  Zergling x2  
  64  9:50  Zergling x10  
  69  10:21  Hatchery  
Tags
 
Add a new tag
Caveats
  • Supply blocks, unpowered buildings, or Contaminate may cause inaccurate times.
  • Supply counts are checked every 10 seconds.